[Event "34th Cannes Open 2020"]
[Site "Cannes"]
[Date "2020.02.19"]
[Round "4.5"]
[White "Siva Mahadevan"]
[Black "Godena, Michele"]
[Result "1/2-1/2"]
[ECO "C64"]
[WhiteElo "2310"]
[BlackElo "2440"]
[Annotator "NA"]
[PlyCount "34"]
[EventDate "2020.02.17"]
[EventType "swiss"]
[EventCountry "FRA"]
[SourceTitle "playchess.com"]
[Source "ChessBase"]
[SourceQuality "1"]
[TimeControl "40/5400+30:1800+30"]

1. e4 e5 2. Nf3 Nc6 3. Bb5 Bc5 4. c3 Nf6 5. d4 exd4 6. e5 Nd5 7. O-O Be7 8. Nxd4 O-O 9. Nf5 d6 10. Nxe7+ Ncxe7 11. exd6 Qxd6 12. c4 a6 13. Ba4 Nb6 14. Qxd6 cxd6 15. Bb3 Be6 16. Na3 Rfc8 17. Bf4 Nxc4 1/2-1/2

[Event "34th Cannes Open 2020"]
[Site "Cannes"]
[Date "2020.02.19"]
[Round "4.6"]
[White "Rademakers, Evert"]
[Black "Joie, Sebastien"]
[Result "0-1"]
[ECO "D79"]
[WhiteElo "2280"]
[BlackElo "2421"]
[Annotator "NA"]
[PlyCount "80"]
[EventDate "2020.02.17"]
[EventType "swiss"]
[EventCountry "FRA"]
[SourceTitle "playchess.com"]
[Source "ChessBase"]
[SourceQuality "1"]
[TimeControl "40/5400+30:1800+30"]

1. d4 d5 2. c4 c6 3. Nf3 Nf6 4. g3 g6 5. Bg2 Bg7 6. cxd5 cxd5 7. O-O O-O 8. Nc3 Ne4 9. Nxe4 dxe4 10. Ne5 Qb6 11. b3 Nc6 12. Nxc6 bxc6 13. Ba3 Bxd4 14. Rc1 Bf5 15. e3 Bf6 16. Qc2 Qa6 17. Bc5 Rfd8 18. h3 h5 19. Rfd1 Rd3 20. Bf1 Rad8 21. Kh2 Qc8 22. Bxd3 exd3 23. Qc4 h4 24. g4 d2 25. Rc2 Bxc2 26. Qxc2 Qd7 27. Bb4 Qc7+ 28. Kg2 a5 29. Bxd2 Qd6 30. Kf3 Qh2 31. Ke2 Qxh3 32. Qe4 Qh2 33. Qxc6 Qe5 34. f4 Qb2 35. g5 Bg7 36. Qc7 Rd5 37. Qc8+ Kh7 38. Qg4 Bc3 39. Qxh4+ Kg8 40. Qe1 Qc2 0-1

[Event "34th Cannes Open 2020"]
[Site "Cannes"]
[Date "2020.02.20"]
[Round "6.2"]
[White "Gukesh D"]
[Black "Degraeve, Remy"]
[Result "1-0"]
[ECO "A06"]
[WhiteElo "2542"]
[BlackElo "2292"]
[Annotator "RC"]
[PlyCount "53"]
[EventDate "2020.02.17"]
[EventType "swiss"]
[EventCountry "FRA"]
[SourceTitle "playchess.com"]
[Source "ChessBase"]
[SourceQuality "1"]
[TimeControl "40/5400+30:1800+30"]

1. Nf3 d5 2. g3 Nf6 3. Bg2 g6 4. c4 Bg7 5. cxd5 Nxd5 6. Nc3 Nb6 7. O-O O-O 8. d3 Nc6 9. Be3 e5 10. Ne4 h6 11. Rc1 Nd4 12. Nxd4 exd4 13. Bd2 Rb8 14. Nc5 Nd5 15. Qb3 Ne7 16. Qa3 a5 17. Qxa5 c6 18. Qa7 Bg4 19. h3 Bf5 20. Bf4 Ra8 21. Qxb7 Rxa2 22. Bc7 Qc8 23. Bd6 Qxb7 24. Nxb7 Rxb2 25. Bxe7 Re8 26. Bd6 Rxb7 27. Bxc6 1-0

[Event "34th Cannes Open 2020"]
[Site "Cannes"]
[Date "2020.02.22"]
[Round "8.6"]
[White "Maurizzi, Marc Andria"]
[Black "Rakotomaharo, Fy Antenaina"]
[Result "1/2-1/2"]
[ECO "C77"]
[WhiteElo "2432"]
[BlackElo "2430"]
[Annotator "ChessBase"]
[PlyCount "94"]
[EventDate "2020.02.17"]
[EventType "swiss"]
[EventCountry "FRA"]
[SourceTitle "playchess.com"]
[Source "ChessBase"]
[SourceQuality "1"]
[TimeControl "40/5400+30:1800+30"]

1. e4 e5 2. Nf3 Nc6 3. Bb5 a6 4. Ba4 Nf6 5. Nc3 b5 6. Bb3 Be7 7. a4 b4 8. Nd5 O-O 9. Nxf6+ Bxf6 10. Bd5 Rb8 11. Bxc6 dxc6 12. b3 Bg4 13. Bb2 Bg5 14. d3 f5 15. Qe2 fxe4 16. Qxe4 Bxf3 17. gxf3 Bf4 18. Ke2 Qd6 19. Rag1 Rf6 20. Rg4 Rg6 21. Rhg1 Rxg4 22. Rxg4 Rf8 23. Qc4+ Qd5 24. Qxb4 Bxh2 25. Re4 Bf4 26. Qb7 Qa5 27. Qxc6 Qd2+ 28. Kf1 Rf6 29. Qd5+ Kf8 30. Ba3+ Ke8 31. Qg8+ Kd7 32. Qxg7+ Ke6 33. Qg8+ Kd7 34. Qxh7+ Ke6 35. Qe7+ Kf5 36. Qd7+ Kg6 37. Qg4+ Kh7 38. Be7 Rh6 39. Bh4 Qd1+ 40. Re1 Qxc2 41. Qd7+ Kg8 42. b4 Rd6 43. Qe8+ Kg7 44. Qe7+ Kg8 45. Qe8+ Kg7 46. Qe7+ Kg8 47. Qe8+ Kg7 1/2-1/2

[Event "34th Cannes Open 2020"]
[Site "Cannes"]
[Date "2020.02.23"]
[Round "9.5"]
[White "Godena, Michele"]
[Black "Arman, Deniz"]
[Result "1-0"]
[ECO "B06"]
[WhiteElo "2440"]
[BlackElo "2318"]
[Annotator "NA"]
[PlyCount "109"]
[EventDate "2020.02.17"]
[EventType "swiss"]
[EventCountry "FRA"]
[SourceTitle "playchess.com"]
[Source "ChessBase"]
[SourceQuality "1"]
[TimeControl "40/5400+30:1800+30"]

1. e4 g6 2. d4 Bg7 3. c3 c5 4. dxc5 Qc7 5. Be3 Na6 6. Bxa6 {[%emt 0:14:12] B06: Modern Defence.} bxa6 7. Ne2 Nf6 8. f3 O-O 9. O-O a5 10. Nd2 Ba6 11. c4 {[%emt 0:14:06] [#]} Rfb8 $146 ({Predecessor:} 11... d6 12. cxd6 Qxd6 13. Qc2 Rfd8 14. Rfc1 Rac8 15. b3 Nd7 16. Rab1 Nc5 17. Rd1 Qc7 {1-0 (43) Smagin,S (2550)-Stanojoski,Z (2375) Prilep 1992}) 12. Rb1 Ne8 13. b3 e6 14. a3 Bf8 15. b4 axb4 16. axb4 Bc8 17. Nd4 (17. Qe1 $16) 17... a5 18. Nb5 Qe5 {[%emt 0:06:24] [#]} ({Black should try} 18... Qc6 $14) 19. f4 $1 Qg7 (19... Qh5 $16 {might work better.}) 20. Bd4 f6 $18 21. e5 Be7 22. Ne4 Qf8 23. bxa5 Rxa5 24. Nbd6 Bxd6 25. cxd6 Rba8 26. exf6 Ba6 27. Rb4 Rc8 28. c5 Ra3 29. Rf3 Ra2 30. Qb1 Re2 31. Ra3 Ra8 32. Ng5 Nxf6 33. Bxf6 Qxf6 34. Qa1 Qf5 35. Rxa6 Qxc5+ 36. Kh1 Rc8 37. Rb1 Qf2 38. Rg1 Qxf4 39. Ra8 Rec2 40. Rxc8+ Rxc8 41. Qa6 Rc5 42. Qa8+ Qf8 43. Qxf8+ Kxf8 44. Rf1+ Kg7 45. Ne4 Rd5 46. Nf6 Rd4 47. g4 g5 48. h3 Rd3 49. Ne8+ Kg8 50. Kg2 h6 51. Rf3 Rd1 52. Kf2 Ra1 53. Nf6+ Kg7 54. Nxd7 Rd1 55. Nf6 1-0

[Event "34th Cannes Open 2020"]
[Site "Cannes"]
[Date "2020.02.23"]
[Round "9.6"]
[White "Rakotomaharo, Fy Antenaina"]
[Black "Siva Mahadevan"]
[Result "1/2-1/2"]
[ECO "D85"]
[WhiteElo "2430"]
[BlackElo "2310"]
[Annotator "NA"]
[PlyCount "152"]
[EventDate "2020.02.17"]
[EventType "swiss"]
[EventCountry "FRA"]
[SourceTitle "playchess.com"]
[Source "ChessBase"]
[SourceQuality "1"]
[TimeControl "40/5400+30:1800+30"]

1. d4 Nf6 2. c4 g6 3. Nc3 d5 4. cxd5 Nxd5 5. e4 Nxc3 6. bxc3 Bg7 7. Bg5 {[%emt 0:00:25] D85: Exchange Grünfeld: Unusual White 7th moves and lines with 7 Nf3.} c5 8. Rc1 O-O 9. Nf3 Bg4 10. d5 Qd6 11. Be2 Nd7 12. Nd2 Bxe2 13. Qxe2 e6 14. Nc4 Qa6 {[%emt 0:00:39] [#]} 15. Be7 $146 ({Predecessor:} 15. Ne3 b5 16. O-O c4 17. f4 Rae8 18. Qf3 f6 19. Bh4 Nc5 20. Rce1 Nd3 21. Re2 {1-0 (47) Harsha,B (2481)-Melkumyan,H (2660) Caleta 2019}) 15... Rfe8 16. d6 b5 17. Ne3 Bf8 18. Bxf8 Rxf8 19. Rd1 Rad8 20. O-O Qc6 21. a4 a6 (21... bxa4 $17 22. Nc4 Rb8) 22. f3 c4 23. Ng4 h5 24. Nf2 e5 $11 25. Rd2 Nf6 26. axb5 axb5 27. Rfd1 Rfe8 28. Qe3 Re6 29. Qg5 Rd7 30. Rd5 Qb6 31. Rxe5 Rexd6 32. Rf1 Rb7 33. Rb1 Rbd7 34. Rf1 Rb7 35. h4 b4 36. cxb4 Qxb4 37. Rc5 c3 38. Rc8+ Kg7 39. e5 Nh7 40. Qe3 Rd2 41. Ne4 Qd4 42. Rxc3 Qxe3+ 43. Rxe3 Rc2 44. Rf2 Rc1+ 45. Kh2 Nf8 46. Nd6 Rb4 47. Ra2 Rxh4+ 48. Kg3 Rd4 49. Ra7 h4+ 50. Kf2 Rc2+ 51. Re2 Rxe2+ 52. Kxe2 Rf4 53. Ke3 Ne6 54. Re7 g5 55. Nxf7 Kf8 56. Rxe6 Kxf7 57. Rd6 Ra4 58. Rf6+ Kg7 59. Rf5 Kg6 60. Rf8 Kg7 61. Rd8 Kf7 62. Rd4 Ra3+ 63. Ke4 Ra2 64. Kf5 Rxg2 65. Rd7+ Ke8 66. Ke6 Rf2 67. Rg7 Rxf3 68. Rg8+ Rf8 69. Rxg5 Rh8 70. Kd6 h3 71. e6 h2 72. Rb5 Kf8 73. Rb8+ Kg7 74. Rxh8 Kxh8 75. e7 h1=Q 76. e8=Q+ Kg7 1/2-1/2